Map: Port Aleksander LE

Players

MaNa

  • Race: Protoss Protoss
  • Spawn Location: 11:00

Snute - Winner!

  • Race: Zerg Zerg
  • Spawn Location: 5:00

Event: IEM Season 13: Katowice (2019)

VOD

Have the link to the VOD?

Description

Time

  • Played on: Feb. 25, 2019, 6:22 a.m.
  • Length: 7:45

All games in this series

Show
View Real Time Build Order
Export as new Build Order

MaNa Protoss 

Build Orders: Nexus First, Oracle Opening 

Get SALT Encoding   

  12  0:00  Probe  
  13  0:12  Probe  
  14  0:19  Pylon  
  14  0:24  Probe  
  15  0:33  Probe  
  15  0:41  Probe  
  17  1:01  Nexus  
  17  1:12  Gateway, Probe  
  18  1:20  Probe  
  18  1:22  Assimilator  
  19  1:29  Probe  
  19  1:30  Assimilator  
  20  1:42  Probe  
  21  1:49  Pylon  
  21  1:52  Probe  
  22  2:00  Cybernetics Core  
  22  2:01  Probe  
  23  2:09  Probe  
  23  2:13  Probe  
  25  2:20  Probe  
  26  2:25  Probe  
  26  2:26  Stalker  
  27  2:32  Probe  
  30  2:38  Pylon  
  30  2:44  Stargate  
  30  2:47  Warp Gate, Probe  
  30  2:49  Probe  
  32  2:55  Adept  
  34  2:59  Probe  
  34  3:01  Probe  
  36  3:09  Gateway  
  36  3:11  Probe  
  37  3:13  Probe  
  37  3:15  Assimilator  
  37  3:19  Oracle  
  38  3:23  Probe  
  38  3:25  Probe  
  40  3:33  Pylon  
  43  3:35  Probe  
  43  3:37  Probe, Assimilator  
  45  3:46  Gateway  
  43  3:49  Shield Battery  
  43  3:53  Gateway  
  43  3:54  Adept  
  43  3:59  Oracle  
  46  4:07  Probe x2  
  50  4:15  Stargate  
  50  4:19  Probe  
  50  4:20  Pylon  
  51  4:30  Pylon  
  51  4:36  Phoenix  
  51  4:37  Pylon  
  53  4:42  Zealot  
  53  4:44  Zealot, Probe x2  
  59  4:55  Phoenix  
  59  4:56  Probe x2, Phoenix  
  65  5:08  Probe x2  
  65  5:09  Robotics Facility  
  65  5:14  Phoenix  
  67  5:16  Phoenix  
  69  5:22  Pylon  
  69  5:23  Probe  
  69  5:24  Probe  
  73  5:35  Adept  
  73  5:36  Adept  
  73  5:41  Phoenix  
  79  5:44  Phoenix  
  81  5:52  Pylon  
  81  5:53  Immortal  
  81  5:56  Pylon  
  79  6:11  Pylon  
  79  6:15  Zealot  
  79  6:16  Zealot  
  79  6:17  Shield Battery  
  80  6:24  Shield Battery  
  78  6:26  Shield Battery  
  78  6:30  Oracle x2  
  78  6:31  Immortal  
  77  6:40  Zealot  
  71  7:02  Zealot  
Show
View Real Time Build Order
Export as new Build Order

Snute Zerg - Winner!

Build Orders: Hatch First, Swarm Host 

Get SALT Encoding   

  12  0:00  Drone  
  13  0:12  Overlord  
  13  0:17  Drone  
  14  0:30  Drone x2  
  14  0:34  Drone  
  17  0:52  Hatchery  
  17  0:55  Drone  
  17  0:59  Drone  
  17  1:03  Extractor  
  17  1:16  Spawning Pool  
  16  1:18  Drone  
  16  1:23  Drone  
  18  1:28  Drone  
  19  1:38  Overlord  
  19  1:49  Drone  
  20  2:00  Drone  
  21  2:03  Queen  
  21  2:04  Metabolic Boost  
  21  2:07  Queen  
  25  2:13  Zergling x2  
  25  2:14  Zergling x2  
  27  2:17  Drone  
  27  2:21  Drone  
  29  2:32  Overlord  
  29  2:34  Zergling x2  
  30  2:43  Zergling x4  
  32  2:48  Hatchery  
  31  2:51  Zergling x2  
  31  2:56  Zergling x2  
  33  3:01  Zergling x2  
  33  3:05  Zergling x2  
  35  3:09  Drone  
  37  3:12  Drone  
  37  3:13  Drone x2  
  37  3:15  Overlord  
  37  3:16  Drone x2  
  37  3:18  Drone  
  42  3:23  Overlord  
  42  3:28  Drone  
  42  3:31  Drone  
  44  3:39  Drone  
  44  3:49  Drone x7  
  50  3:56  Drone  
  50  3:58  Drone  
  50  4:00  Extractor  
  50  4:02  Drone  
  51  4:04  Queen  
  51  4:07  Lair, Spore Crawler  
  51  4:10  Spore Crawler  
  51  4:16  Drone x3  
  53  4:17  Drone  
  53  4:19  Drone  
  53  4:21  Spore Crawler  
  54  4:27  Queen  
  56  4:35  Zergling x14  
  63  4:40  Overlord  
  63  4:44  Queen  
  65  4:48  Overlord  
  64  4:56  Zergling x2  
  64  4:57  Zergling x2  
  64  4:58  Overlord  
  66  5:08  Queen x2  
  66  5:10  Nydus Network  
  69  5:22  Queen  
  69  5:28  Drone x4  
  70  5:32  Zergling x2  
  70  5:33  Zergling x18  
  80  5:45  Infestation Pit  
  80  5:47  Extractor  
  80  5:48  Nydus Canal  
  78  5:56  Overlord x2  
  78  5:57  Overlord  
  77  6:09  Queen x3  
  81  6:21  Overlord  
  81  6:22  Swarm Host x4  
  81  6:25  Swarm Host  
  94  6:36  Swarm Host  
  94  6:38  Swarm Host  
  96  6:41  Zergling x10  
  96  6:44  Zergling x2  
  96  6:45  Zergling x2  
  102  6:50  Zergling x2  
  101  6:55  Swarm Host  
  99  7:06  Zergling x2  
  99  7:07  Zergling x8  
  99  7:11  Swarm Host x2  
  102  7:17  Zergling x2  
  102  7:21  Zergling x2  
  103  7:26  Zergling x2  
  103  7:39  Spore Crawler  

Tags
 
Add a new tag
Caveats
  • Supply blocks, unpowered buildings, or Contaminate may cause inaccurate times.
  • Supply counts are checked every 10 seconds.